 Dungeon Crawl Stone Soup version 0.21.1-1-g345015fe64 (webtiles) character file.

91 Kholdaimon the Caller (level 4, 0/24 HPs)
             Began as a Tengu Summoner on June 18, 2018.
             Slain by a worm (5 damage)
             ... on level 3 of the Dungeon.
             The game lasted 00:16:17 (2011 turns).

Kholdaimon the Caller (Tengu Summoner)              Turns: 2011, Time: 00:16:18

Health: 0/24       AC:  6    Str:  9    XL:     4   Next: 57%
Magic:  8/8        EV:  9    Int: 16    God:
Gold:   89         SH:  0    Dex: 14    Spells: 7/8 levels left

rFire    . . .     SeeInvis .   i - +2 mace (crush)
rCold    . . .     Gourm    .   (no shield)
rNeg     . . .     Faith    .   e - +0 scale mail (curse)
rPois    .         Spirit   .   (helmet restricted)
rElec    .         Reflect  .   (no cloak)
rCorr    .         Harm     .   (no gloves)
MR       .....                  (boots unavailable)
Stlth    +.........             (no amulet)
HPRegen  0.08/turn              (no ring)
MPRegen  0.11/turn              (no ring)

@: very slightly contaminated
A: beak, talons 3
a: no special abilities


You were on level 3 of the Dungeon.
You were not hungry.

You visited 1 branch of the dungeon, and saw 3 of its levels.

You collected 89 gold pieces.

Inventory:

Hand Weapons
 d - a +0 dagger
 i - a +2 mace of crushing (weapon)
 m - a +0 hunting sling
Missiles
 a - 3 stones (quivered)
 n - 19 sling bullets
 q - 8 needles of confusion
 s - 17 poisoned needles
Armour
 e - a cursed +0 scale mail (worn)
 u - a +0 ring mail
 v - a +0 ring mail
 w - a cursed +0 leather armour
 z - a +0 leather armour
Scrolls
 j - a scroll of enchant weapon {unknown}
 l - a scroll of fog {unknown}
 o - 3 scrolls of identify {unknown}
 p - a scroll of immolation {unknown}
 r - 3 scrolls of teleportation {unknown}
 y - a scroll of amnesia {unknown}
Potions
 f - 4 potions of curing {unknown}
 g - a potion of haste {unknown}
 h - a potion of invisibility {unknown}
 k - a potion of brilliance {unknown}
 t - a potion of berserk rage {unknown}
 x - a potion of ambrosia {unknown}
Books
 b - a book of Callings

   Spells                             Type                      Level
   a - Summon Small Mammal            Summoning                    1
   b - Call Imp                       Summoning                    2
   c - Call Canine Familiar           Summoning                    3
   d - Summon Guardian Golem          Hexes/Summoning              3
   e - Summon Lightning Spire         Summoning/Air                4
   f - Summon Ice Beast               Ice/Summoning                4
Comestibles
 c - 3 rations


   Skills:
 + Level 0.4 Fighting
 + Level 1.4 Armour
 + Level 2.8 Dodging
 - Level 2.0 Stealth
 + Level 2.5 Spellcasting
 + Level 5.9 Summonings


You had 7 spell levels left.
You knew the following spells:

 Your Spells              Type           Power        Failure   Level  Hunger
a - Summon Small Mammal   Summ           ###.         14%         1    #......


Dungeon Overview and Level Annotations

Branches:
Dungeon (3/15)

Altars:
Yredelemnul


Innate Abilities, Weirdness & Mutations

You have a beak for a mouth.
You have claws for feet.


Message History

Your bat hits the worm but does no damage.
The giant cockroach bites you. The worm bites you.
* * * LOW HITPOINT WARNING * * *
The giant cockroach bites you but does no damage.
What are your orders? t - Shout!
Orders for allies: a - Attack new target. r - Retreat! s - Stop attacking. g - Guard the area. f - Follow me.
Anything else - Cancel.
Gang up on whom?
Press: ? - help, Dir - move target cursor, f - worm
Aim: a worm (moderately wounded) Attack!
The giant cockroach bites you but does no damage.
You hit the worm. You claw the worm, but do no damage.
The worm is heavily wounded.
Your bat hits the worm. The giant cockroach closely misses you.
The worm bites you.
You die...

....###
#...#..... .
#...#....#####
..##...#.........
##.....#.........
.......#.........
.......#.........
........s<....##
.......@)........
.....bw†....#..##
.................
........###......
........# ..##..
......... #.# .
####...## .. #...
..


You could see a worm, a giant cockroach and a friendly bat.

Vanquished Creatures
  Jessica (D:2)
  An adder (D:3)
  2 worms (D:2)
  4 dart slugs
  A leopard gecko (D:1)
  A giant cockroach (D:1)
  3 goblins
  6 hobgoblins
  3 jackals (D:1)
  3 kobolds
  4 bats
  4 frilled lizards
  4 rats
37 creatures vanquished.

Vanquished Creatures (collateral kills)
  A giant cockroach (D:2)
  3 goblins (D:1)
  A hobgoblin (D:1)
  3 frilled lizards
  2 kobolds (D:2)
  2 rats (D:1)
12 creatures vanquished.

Grand Total: 49 creatures vanquished

Notes
Turn   | Place    | Note
-------+----------+-------------------------------------------
     0 | D:1      | Kholdaimon the Tengu Summoner began the quest for the Orb.
     0 | D:1      | Reached XP level 1. HP: 10/10 MP: 4/4
    73 | D:1      | Reached skill level 5 in Summonings
   337 | D:1      | Reached XP level 2. HP: 10/15 MP: 4/6
   865 | D:1      | Reached XP level 3. HP: 19/19 MP: 5/7
  1491 | D:2      | Found a basalt altar of Yredelemnul.
  1618 | D:2      | Noticed Jessica
  1625 | D:2      | Killed Jessica
  1625 | D:2      | Reached skill level 1 in Armour
  1625 | D:2      | Reached XP level 4. HP: 23/24 MP: 6/8
  2011 | D:3      | Slain by a worm

Skill      XL: |  1  2  3 |
---------------+----------+-----
Summonings     | 5 |  5.9
Armour         | 1 |  1.4
Fighting       | |  0.4
Dodging        | |  2.8
Stealth        | |  2.0
Spellcasting   | |  2.5

Action                   |  1- 3 |  4- 6 || total
-------------------------+-------+-------++-------
Melee: Dagger            |    22 |       ||    22
       Kick              |    14 |     3 ||    17
       Peck              |     7 |     3 ||    10
       Unarmed           |     3 |       ||     3
       Mace              |    57 |    28 ||    85
 Fire: Hunting sling     |     1 |       ||     1
 Cast: Summon Small Mamm |    15 |     2 ||    17
  Eat: Chunk             |     3 |     1 ||     4
Armor: Scale mail        |    49 |    15 ||    64
       Robe              |     1 |       ||     1
Dodge: Dodged            |    42 |    12 ||    54
